[Event "Titled Tuesday Blitz January 31 Early 2023"]
[White "Samunenkov, Ihor"]
[Black "Ingebretsen, Jens E"]
[WhiteFideId "14187086"]
[BlackFideId "1522965"]
[WhiteElo "2501"]
[BlackElo "2342"]
[Result "1-0"]
[Round "03"]
[TimeControl "180+2"]
[Date "2023.01.31"]
[WhiteClock "0:01:03"]
[BlackClock "0:00:07"]

1. e4 e5 2. Nf3 Nc6 3. Bb5 a6 4. Ba4 Nf6 5. Nc3 b5 6. Bb3 Be7 7. O-O O-O 8. d3 d6 9. h3 Na5 10. Bg5 Nxb3 11. axb3 Bb7 12. Re1 c5 13. Nd2 Ne8 14. Bxe7 Qxe7 15. Nf1 f5 16. exf5 Rxf5 17. Ne3 Rf8 18. Ncd5 Qf7 19. c4 Qxf2+ 20. Kh1 Qh4 21. Rf1 Nf6 22. Nf5 Qg5 23. h4 Nxd5 24. hxg5 Nf4 25. Rxf4 exf4 26. Nxd6 Bc6 27. cxb5 axb5 28. Rxa8 Rxa8 29. Qg4 Bd5 30. Qxf4 Ra1+ 31. Kh2 Rb1 32. Qe5 Bf7 33. Qe7 1-0


[Site "https://www.chess.com"]

[Event "Titled Tuesday Blitz January 31 Early 2023"]
[White "Solovchuk, Oleksiy"]
[Black "Harsh Suresh"]
[WhiteFideId "14115220"]
[BlackFideId "45018464"]
[WhiteElo "2303"]
[BlackElo "2298"]
[Result "0-1"]
[Round "03"]
[TimeControl "180+2"]
[Date "2023.01.31"]
[WhiteClock "0:00:11"]
[BlackClock "0:00:19"]

1. c4 g6 2. Nc3 Bg7 3. d4 d6 4. e4 Nd7 5. Be3 b6 6. Bd3 Bb7 7. Nge2 c5 8. d5 h5 9. Bc2 Ngf6 10. f3 h4 11. Qd2 a6 12. a4 Ne5 13. b3 h3 14. O-O hxg2 15. Kxg2 Qd7 16. Ng1 O-O-O 17. a5 bxa5 18. Rf2 Nh5 19. Kf1 g5 20. Bxg5 Rdg8 21. Rxa5 Ng6 22. Na4 Kb8 23. b4 Bd4 24. bxc5 Bxf2 25. Qxf2 Qc7 26. Bd2 Ne5 27. c6 Nxc4 28. cxb7 Nxa5 29. Bd3 Nc4 30. Bc3 Nf4 31. Bxh8 Nxd3 32. Qd4 Nce5 33. Bxe5 Qc1+ 34. Ke2 Rg2+ 35. Kxd3 Rd2+ 36. Ke3 Rxd4+ 37. Kxd4 Qxg1+ 38. Kc4 dxe5 39. Nc5 Qd4+ 0-1


[Site "https://www.chess.com"]

[Event "Titled Tuesday Blitz January 31 Early 2023"]
[White "Urazayev, Arystanbek"]
[Black "Shapiro, Viktor"]
[WhiteFideId "13709810"]
[BlackFideId "4175700"]
[WhiteElo "2460"]
[BlackElo "2192"]
[Result "1-0"]
[Round "03"]
[TimeControl "180+2"]
[Date "2023.01.31"]
[WhiteClock "0:00:14"]
[BlackClock "0:00:51"]

1. d4 Nf6 2. c4 e6 3. Nf3 c5 4. d5 exd5 5. cxd5 d6 6. Nc3 g6 7. g3 Bg7 8. Bg2 O-O 9. O-O a6 10. a4 Re8 11. Re1 Nbd7 12. Bf4 Qe7 13. e4 Nh5 14. Bg5 Bf6 15. Bd2 Rb8 16. g4 Ng7 17. g5 Be5 18. Nxe5 Nxe5 19. Qc2 Bg4 20. f4 Nf3+ 21. Bxf3 Bxf3 22. Qd3 Bg4 23. f5 Qd7 24. h3 Bxf5 25. exf5 gxf5 26. Rxe8+ Rxe8 27. Re1 Rb8 28. Ne2 Qxa4 29. Ng3 Re8 30. Rxe8+ Qxe8 31. Bc3 f4 32. Ne4 Nh5 33. Qf3 b5 34. Nxd6 Qd7 35. Qxh5 Qxd6 36. Qe2 Kf8 37. Qe5 Qxe5 38. Bxe5 Ke7 39. Kf2 b4 40. Kf3 a5 41. Kxf4 a4 42. Ke4 Kd7 43. Kd3 a3 44. bxa3 bxa3 45. Kc4 a2 46. Kxc5 1-0


[Site "https://www.chess.com"]

[Event "Titled Tuesday Blitz January 31 Early 2023"]
[White "Garv Gaur"]
[Black "Vakhlamov, Igor L."]
[WhiteFideId "45030839"]
[BlackFideId "24126748"]
[WhiteElo "2006"]
[BlackElo "2413"]
[Result "0-1"]
[Round "03"]
[TimeControl "180+2"]
[Date "2023.01.31"]
[WhiteClock "0:00:01"]
[BlackClock "0:00:10"]

1. Nf3 Nf6 2. g3 g6 3. Bg2 c5 4. O-O Bg7 5. c4 O-O 6. Nc3 Nc6 7. d4 cxd4 8. Nxd4 Qa5 9. e3 d6 10. Bd2 Bd7 11. Nd5 Qd8 12. Bc3 Nxd5 13. cxd5 Nxd4 14. Bxd4 Bxd4 15. Qxd4 Qa5 16. Rfc1 Rfc8 17. a3 Qa4 18. Qxa4 Bxa4 19. Bf1 Kg7 20. Bd3 h6 21. Kf1 Kf6 22. f4 Bd7 23. Ke2 g5 24. e4 gxf4 25. gxf4 e5 26. fxe5+ Kxe5 27. Ke3 a5 28. Rf1 Rf8 29. Rf4 f5 30. Raf1 Rae8 31. Kd2 Rf6 32. exf5 Ref8 33. Rh4 Bxf5 34. Bxf5 Rxf5 35. Rxf5+ Rxf5 36. Rxh6 Kxd5 37. Kc3 Rf3+ 38. Kc2 Rf2+ 39. Kc3 Rf3+ 40. Kc2 b5 41. Rh5+ Kc4 42. Rh4+ Kc5 43. Rh5+ d5 44. Rh8 Rf2+ 45. Kb3 a4+ 46. Kc3 Rf3+ 47. Kc2 Kc4 48. Rc8+ Kd4 49. Rc3 Rf2+ 50. Kc1 Rxh2 51. Rg3 Rh1+ 52. Kc2 Rh2+ 53. Kc1 Rh4 54. Rg1 Kc4 55. Rg8 d4 56. Rg3 Rh1+ 57. Kd2 Rh2+ 58. Kc1 Re2 59. Rg4 Kd3 60. Rg3+ Re3 61. Rg1 Rh3 62. Rf1 Kc4 63. Rg1 Rh2 64. Rg4 Rf2 65. Rh4 Kd3 66. Rh3+ Ke4 67. Rh4+ Ke3 68. Rh1 Ke2 69. Rh8 Rf3 70. Rh2+ Ke1 71. Rh1+ Kf2 72. Rh2+ Ke3 73. Rh1 d3 74. Re1+ Kd4 75. Re8 Rf1+ 76. Kd2 Rf2+ 77. Kc1 Rc2+ 78. Kb1 Rc5 79. Re7 d2 80. Rd7+ Ke3 81. Re7+ Kd3 82. Rd7+ Ke2 83. Re7+ Kd1 84. Rh7 Re5 85. Rh1+ Re1 86. Rh2 Rf1 87. Rg2 Ke1 88. Ka2 d1=Q 89. Rc2 Qxc2 90. Ka1 Kd2+ 91. Ka2 Qb3# 0-1


[Site "https://www.chess.com"]

[Event "Titled Tuesday Blitz January 31 Early 2023"]
[White "Borrmann, Laurenz"]
[Black "Kilic, Eray"]
[WhiteFideId "312187930"]
[BlackFideId "44517173"]
[WhiteElo "2304"]
[BlackElo "2414"]
[Result "0-1"]
[Round "03"]
[TimeControl "180+2"]
[Date "2023.01.31"]
[WhiteClock "0:00:02"]
[BlackClock "0:00:15"]

1. e4 c5 2. Nf3 d6 3. d4 cxd4 4. Nxd4 Nf6 5. Nc3 a6 6. Be2 e6 7. O-O Be7 8. f4 Qc7 9. Be3 Nbd7 10. Kh1 b5 11. a3 Bb7 12. Bf3 O-O 13. Qe2 Nc5 14. Bf2 Rad8 15. Rad1 d5 16. e5 Nfe4 17. Nxe4 dxe4 18. Bg4 Bd5 19. Qe3 f5 20. exf6 Rxf6 21. Bh4 Rff8 22. Bxe7 Qxe7 23. f5 Bc4 24. Rfe1 Qh4 25. Nc6 Rxd1 26. Bxd1 Rxf5 27. b3 Bd5 28. g3 Qf6 29. Qxc5 Rf1+ 30. Kg2 e3+ 31. Qxd5 Rf2+ 32. Kg1 exd5 0-1


[Site "https://www.chess.com"]

[Event "Titled Tuesday Blitz January 31 Early 2023"]
[White "Biastoch, Bennet"]
[Black "Rakhmanov, Aleksandr"]
[WhiteFideId "12939889"]
[BlackFideId "4173708"]
[WhiteElo "2257"]
[BlackElo "2632"]
[Result "1-0"]
[Round "03"]
[TimeControl "180+2"]
[Date "2023.01.31"]
[WhiteClock "0:00:26"]
[BlackClock "0:00:07"]

1. e4 c5 2. Nf3 Nf6 3. Nc3 d5 4. exd5 Nxd5 5. Bb5+ Bd7 6. Bxd7+ Qxd7 7. O-O Nc6 8. Nxd5 Qxd5 9. d3 g6 10. Bd2 Bg7 11. Bc3 Nd4 12. Nxd4 cxd4 13. Bb4 a5 14. Ba3 b5 15. b3 Ra7 16. Re1 Bf6 17. Re4 O-O 18. Qe2 Re8 19. Re1 e6 20. Qf3 Bg7 21. Bc1 Rc8 22. Qd1 a4 23. Bf4 axb3 24. axb3 Ra2 25. R4e2 Qc5 26. h4 Rxc2 27. b4 Qc3 28. Rxc2 Qxc2 29. Qf3 Qc3 30. Rc1 Qxc1+ 31. Bxc1 Rxc1+ 32. Kh2 Be5+ 33. g3 h5 34. Qb7 Rc2 35. Kg2 Bd6 36. Qxb5 Kg7 37. Qa6 Bxb4 38. Qa4 Rb2 39. Kf1 Bc3 40. Qc6 Rd2 41. Qe4 Rd1+ 42. Kg2 Re1 43. Qf3 Bd2 44. g4 hxg4 45. Qxg4 Bc3 46. h5 Re5 47. hxg6 f6 48. f4 Rf5 49. Kf3 Bd2 50. Qh3 Rxf4+ 51. Ke2 Kxg6 52. Kxd2 e5 53. Qg3+ Kf5 54. Qh3+ Kg5 55. Ke2 Rg4 56. Qh8 Rg3 57. Qg7+ Kh4 58. Qxf6+ Rg5 59. Kf3 Kh5 60. Qh8+ Kg6 61. Ke4 Kf7 62. Qh7+ Kf6 63. Qh8+ Kg6 64. Qg8+ Kh6 65. Qxg5+ Kxg5 66. Kxe5 Kg6 67. Kxd4 Kf6 68. Kd5 Ke7 69. Kc6 Ke6 70. d4 Ke7 71. d5 Ke8 72. Kc7 Ke7 73. d6+ Ke6 74. d7 Kd5 75. d8=Q+ Kc4 76. Qd6 Kb3 77. Qc5 1-0


[Site "https://www.chess.com"]

[Event "Titled Tuesday Blitz January 31 Early 2023"]
[White "Boros, Denes"]
[Black "Oglaza, Oskar"]
[WhiteFideId "722340"]
[BlackFideId "1194402"]
[WhiteElo "2406"]
[BlackElo "2304"]
[Result "1-0"]
[Round "03"]
[TimeControl "180+2"]
[Date "2023.01.31"]
[WhiteClock "0:02:02"]
[BlackClock "0:01:35"]

1. d4 Nf6 2. Nc3 d5 3. Nf3 g6 4. Bf4 Bg7 5. Nb5 Na6 6. c3 c6 7. Na3 Nc7 8. h3 O-O 9. e3 Re8 10. Be2 Ne4 11. O-O Ne6 12. Bh2 h6 13. Ne5 Nf8 14. c4 f6 15. Nd3 e6 16. Rc1 g5 17. Bh5 Re7 18. b4 Bd7 19. f3 Be8 20. fxe4 dxe4 21. Bxe8 Qxe8 22. Nc5 f5 23. d5 exd5 24. cxd5 cxd5 25. Qxd5+ 1-0


[Site "https://www.chess.com"]

[Event "Titled Tuesday Blitz January 31 Early 2023"]
[White "Koepke, Christian"]
[Black "Andreikin, Dmitry"]
[WhiteFideId "4655737"]
[BlackFideId "4158814"]
[WhiteElo "2308"]
[BlackElo "2729"]
[Result "0-1"]
[Round "03"]
[TimeControl "180+2"]
[Date "2023.01.31"]
[WhiteClock "0:00:16"]
[BlackClock "0:01:41"]

1. e4 c5 2. Be2 Nc6 3. f4 g6 4. Nf3 Bg7 5. O-O d6 6. c3 Nf6 7. d3 O-O 8. Kh1 b5 9. a3 a5 10. Be3 Bb7 11. Nbd2 b4 12. d4 bxc3 13. bxc3 cxd4 14. cxd4 e6 15. Rb1 Rb8 16. Qa4 Ne7 17. Rfc1 Bxe4 18. Rxb8 Qxb8 19. Nxe4 Nxe4 20. Qxa5 Nd5 21. Bg1 Nxf4 22. Bb5 d5 23. Ne5 Bxe5 24. dxe5 Qxe5 25. Qe1 Qb2 26. Bf1 Qxa3 27. Bd4 Nd3 28. Bxd3 Qxd3 29. Ba1 d4 30. Rd1 Qxd1 31. Qxd1 Nf2+ 0-1


[Site "https://www.chess.com"]

[Event "Titled Tuesday Blitz January 31 Early 2023"]
[White "Caruana, Fabiano"]
[Black "Sipila, Vilka"]
[WhiteFideId "2020009"]
[BlackFideId "505455"]
[WhiteElo "2764"]
[BlackElo "2427"]
[Result "1-0"]
[Round "03"]
[TimeControl "180+2"]
[Date "2023.01.31"]
[WhiteClock "0:00:55"]
[BlackClock "0:00:07"]

1. d4 f5 2. c4 Nf6 3. Nc3 g6 4. Bf4 Bg7 5. e3 d6 6. h3 Nc6 7. Nf3 e6 8. d5 e5 9. Bh2 Nb8 10. Be2 Na6 11. O-O O-O 12. Rb1 Nc5 13. Nd2 a5 14. b3 e4 15. a3 Nfd7 16. Nb5 Ne5 17. Bxe5 Bxe5 18. b4 axb4 19. axb4 Nd7 20. c5 dxc5 21. Nc4 cxb4 22. d6 cxd6 23. Ncxd6 Nf6 24. Rxb4 Be6 25. Bc4 Qe7 26. Qb3 Bxc4 27. Nxc4 Kh8 28. Nxe5 Qxe5 29. Nd4 Qd5 30. Qb1 Rf7 31. Rc1 Kg7 32. Rb6 Qa2 33. Qb4 Qa3 34. Qd2 Qa5 35. Ne6+ Kh6 36. Qd6 Qa3 37. Qf4+ 1-0


[Site "https://www.chess.com"]

[Event "Titled Tuesday Blitz January 31 Early 2023"]
[White "Anton Guijarro, David"]
[Black "Koellner, Ruben Gideon"]
[WhiteFideId "2285525"]
[BlackFideId "12993093"]
[WhiteElo "2690"]
[BlackElo "2426"]
[Result "1-0"]
[Round "03"]
[TimeControl "180+2"]
[Date "2023.01.31"]
[WhiteClock "0:00:56"]
[BlackClock "0:00:06"]

1. Nf3 d6 2. d4 Nf6 3. Nc3 Nbd7 4. e4 e5 5. Bc4 Be7 6. O-O c6 7. a4 h6 8. a5 Qc7 9. dxe5 dxe5 10. Nh4 g6 11. Nf3 Nf8 12. Qe2 g5 13. Rd1 Ng6 14. Nd2 Nf4 15. Qe1 h5 16. Nf1 Be6 17. Ne3 h4 18. Bxe6 fxe6 19. Nc4 Kf7 20. Be3 Ng4 21. h3 Nf6 22. Bxf4 gxf4 23. Nd2 Nh7 24. Nf3 Ng5 25. Nxg5+ Bxg5 26. Qe2 Be7 27. Nb1 Rad8 28. Rxd8 Rxd8 29. Nd2 Rd4 30. c3 Rd8 31. Qh5+ Kg7 32. Nf3 Qd6 33. Nxe5 1-0


[Site "https://www.chess.com"]

[Event "Titled Tuesday Blitz January 31 Early 2023"]
[White "Souleidis, Georgios"]
[Black "Chigaev, Maksim"]
[WhiteFideId "4206827"]
[BlackFideId "4108116"]
[WhiteElo "2419"]
[BlackElo "2628"]
[Result "0-1"]
[Round "03"]
[TimeControl "180+2"]
[Date "2023.01.31"]
[WhiteClock "0:00:01"]
[BlackClock "0:00:08"]

1. e4 c5 2. Nf3 e6 3. g3 Nc6 4. Bg2 Nf6 5. Qe2 e5 6. O-O Be7 7. Na3 O-O 8. d3 h6 9. Nc4 d6 10. h3 Be6 11. Ne3 Re8 12. Nh2 d5 13. Nhg4 Nxg4 14. hxg4 dxe4 15. dxe4 Bg5 16. c3 a6 17. Nd5 Bxc1 18. Raxc1 Ne7 19. Rcd1 Bxd5 20. exd5 Qd6 21. Rfe1 Ng6 22. Be4 Rad8 23. c4 Nf8 24. a3 b6 25. Qd2 Nd7 26. g5 hxg5 27. Qxg5 Qf6 28. Qh5 g6 29. Qh3 Kg7 30. Kg2 Qg5 31. Qh4 Qxh4 32. gxh4 f5 33. Bf3 e4 34. Be2 Ne5 35. Kg3 Kf6 36. Rb1 Rh8 37. Rh1 g5 38. hxg5+ Kxg5 39. f4+ exf3 40. Bxf3 Nxc4 41. Rbd1 Ne3 42. Rde1 f4+ 43. Kf2 Rxh1 44. Rxh1 Kf6 45. Rh5 b5 0-1


[Site "https://www.chess.com"]

[Event "Titled Tuesday Blitz January 31 Early 2023"]
[White "Babazada, Khazar"]
[Black "Royal, Shreyas"]
[WhiteFideId "13413554"]
[BlackFideId "448869"]
[WhiteElo "2474"]
[BlackElo "2438"]
[Result "1-0"]
[Round "03"]
[TimeControl "180+2"]
[Date "2023.01.31"]
[WhiteClock "0:00:34"]
[BlackClock "0:00:08"]

1. Nf3 Nf6 2. c4 e6 3. Nc3 d5 4. d4 dxc4 5. e3 a6 6. a4 c5 7. Bxc4 Nc6 8. O-O Be7 9. dxc5 Qxd1 10. Rxd1 Bxc5 11. b3 O-O 12. Bb2 Bd7 13. g4 Rfd8 14. g5 Ne8 15. Ne4 Be7 16. h4 Rac8 17. Rac1 Na5 18. Ne5 Nxc4 19. Nxc4 Bc6 20. Ned2 Nd6 21. Nb6 Rb8 22. Be5 f6 23. gxf6 gxf6 24. Bg3 Kf7 25. f3 Rg8 26. Kf2 Rbd8 27. e4 e5 28. Ndc4 Nxc4 29. Nxc4 Bc5+ 30. Kg2 Bd4 31. Kh2 Rg6 32. Rc2 Rdg8 33. Nd6+ Kf8 34. Nf5 Bd7 35. Nxd4 Rxg3 36. Nf5 Bxf5 37. exf5 Ke7 38. Rc7+ Ke8 39. Rd2 R8g7 40. Rc8+ Ke7 41. Rb8 e4 42. Rxb7+ Ke8 43. Rxg7 Rxg7 44. Re2 Rb7 45. Re3 Ke7 46. Rxe4+ Kf7 47. b4 Rd7 48. Kg3 Rd1 49. Rc4 Rg1+ 50. Kf4 Kg7 51. Rc6 Rb1 52. Rb6 Rb3 53. Ke4 Kh6 54. Rxf6+ Kh5 55. Rxa6 h6 56. b5 Rb4+ 57. Ke5 Rb1 58. Kf6 Rg1 59. b6 Rg8 60. b7 Rf8+ 61. Kg7 Rb8 62. Rxh6# 1-0


[Site "https://www.chess.com"]

[Event "Titled Tuesday Blitz January 31 Early 2023"]
[White "Volkov, Maksim"]
[Black "Kamsky, Gata"]
[WhiteFideId "54123070"]
[BlackFideId "2000024"]
[WhiteElo "2258"]
[BlackElo "2665"]
[Result "1-0"]
[Round "03"]
[TimeControl "180+2"]
[Date "2023.01.31"]
[WhiteClock "0:00:53"]
[BlackClock "0:00:15"]

1. d4 Nf6 2. c4 g6 3. g3 Bg7 4. Bg2 O-O 5. Nc3 d6 6. Nf3 Nbd7 7. O-O e5 8. e4 a6 9. h3 Re8 10. Re1 c6 11. b3 b5 12. d5 cxd5 13. cxd5 Nc5 14. b4 Ncd7 15. a4 bxa4 16. Nxa4 Nb6 17. Nd2 Nxa4 18. Qxa4 Bd7 19. Qa5 Bb5 20. Bf1 Qb8 21. Nb1 Bxf1 22. Kxf1 Rc8 23. Na3 Nd7 24. Be3 Bf6 25. Rec1 Bd8 26. Qa4 Nf6 27. f3 Rxc1+ 28. Rxc1 Bb6 29. Bg5 Nh5 30. Kg2 a5 31. b5 Bc5 32. Nc4 Qa7 33. Bd2 Qe7 34. b6 Rb8 35. Rb1 f5 36. Qxa5 fxe4 37. fxe4 Nf6 38. Qa7 Rb7 39. Qa8+ Kg7 40. Bg5 1-0


[Site "https://www.chess.com"]

[Event "Titled Tuesday Blitz January 31 Early 2023"]
[White "Pulpan, Jakub"]
[Black "Zhu, Jiner"]
[WhiteFideId "302759"]
[BlackFideId "8608059"]
[WhiteElo "2427"]
[BlackElo "2507"]
[Result "0-1"]
[Round "03"]
[TimeControl "180+2"]
[Date "2023.01.31"]
[WhiteClock "0:00:19"]
[BlackClock "0:00:37"]

1. d4 Nf6 2. Nc3 d5 3. Bg5 e6 4. e4 dxe4 5. Nxe4 Be7 6. Bxf6 Bxf6 7. Nf3 b6 8. Bb5+ c6 9. Bc4 Bb7 10. Qe2 O-O 11. Rd1 Qe7 12. g4 g6 13. h4 c5 14. h5 cxd4 15. hxg6 hxg6 16. Nxd4 Rd8 17. c3 Bg7 18. f3 Nd7 19. Ba6 Bxe4 20. Qxe4 Nc5 21. Qe2 Nxa6 22. Qxa6 Bxd4 23. cxd4 Qb4+ 24. Kf1 Rxd4 25. Rxd4 Qxd4 26. Qe2 Rd8 27. Kg2 Kg7 28. b3 a5 29. Rc1 Rd5 30. Rc4 Qd2 31. Rc2 Qf4 32. Rc4 Rd2 33. Rxf4 Rxe2+ 34. Kg3 Rxa2 35. b4 Ra4 0-1


[Site "https://www.chess.com"]

[Event "Titled Tuesday Blitz January 31 Early 2023"]
[White "Tactrics"]
[Black "Md, Imran"]
[BlackFideId "25748580"]
[WhiteElo "2800"]
[BlackElo "2284"]
[Result "1-0"]
[Round "03"]
[TimeControl "180+2"]
[Date "2023.01.31"]
[WhiteClock "0:00:06"]
[BlackClock "0:00:06"]

1. e4 c5 2. Nf3 d6 3. d4 cxd4 4. Nxd4 Nf6 5. f3 g5 6. Bxg5 Bg7 7. Nc3 Nc6 8. Be3 Bd7 9. Bc4 Rc8 10. Bb3 Qa5 11. Qd2 a6 12. O-O Ne5 13. Bh6 Rg8 14. Bxg7 Rxg7 15. Kh1 Nc4 16. Bxc4 Rxc4 17. Rad1 b5 18. Nd5 Qxd2 19. Nxf6+ exf6 20. Rxd2 Rg5 21. Rfd1 Ke7 22. Kg1 h5 23. h4 Rgc5 24. Kf2 b4 25. Ke3 a5 26. Rg1 f5 27. exf5 Bxf5 28. Nxf5+ Rxf5 29. Rgd1 Rxh4 30. Rxd6 Re5+ 31. Kf2 Rc4 32. Rd7+ Kf6 33. R7d6+ Kg7 34. R6d2 a4 35. Kg3 h4+ 36. Kh3 Rec5 37. Rd4 Rxc2 38. Rxb4 Rg5 39. Rg1 a3 40. bxa3 Rxa2 41. a4 Rd2 42. Rxh4 Ra2 43. Rf4 Rh5+ 44. Kg3 Ra5 45. Rg4+ Kf8 46. Rb1 R2xa4 47. Rb8+ Ke7 48. Rb7+ Ke6 49. Rg7 Re5 50. Rbxf7 Kd6 51. Rf6+ Kd5 52. Rfg6 Kd4 53. Rg4+ 1-0


[Site "https://www.chess.com"]

[Event "Titled Tuesday Blitz January 31 Early 2023"]
[White "Avila Pavas, Santiago"]
[Black "Lewtak, Damian"]
[WhiteFideId "4437128"]
[BlackFideId "1141724"]
[WhiteElo "2522"]
[BlackElo "2381"]
[Result "1-0"]
[Round "03"]
[TimeControl "180+2"]
[Date "2023.01.31"]
[WhiteClock "0:01:29"]
[BlackClock "0:00:09"]

1. d4 d5 2. Bf4 Nf6 3. e3 e6 4. Nd2 Bd6 5. Bg3 c5 6. c3 Qc7 7. Ngf3 Nbd7 8. Bd3 O-O 9. e4 cxd4 10. Nxd4 Nc5 11. Bc2 Bxg3 12. hxg3 dxe4 13. Qe2 h6 14. Nxe4 Nfxe4 15. Bxe4 Nxe4 16. Qxe4 e5 17. Nf3 Qc6 18. Qxc6 bxc6 19. O-O-O f6 20. Rd6 Bb7 21. Rhd1 Rae8 22. Nd2 c5 23. f3 e4 24. Rd7 Rf7 25. Rxf7 Kxf7 26. Nc4 Re7 27. Nd6+ Kg6 28. Nxb7 Rxb7 29. fxe4 Re7 30. Rd5 Rxe4 31. Rxc5 Rg4 32. c4 Rxg3 33. Rd5 Rxg2 34. c5 Rg4 35. b3 h5 36. c6 Rg1+ 37. Kc2 Rg2+ 38. Kc3 Rg1 39. Rc5 Rc1+ 40. Kb4 a5+ 41. Kb5 1-0


[Site "https://www.chess.com"]

[Event "Titled Tuesday Blitz January 31 Early 2023"]
[White "Kalogeris, Ioannis"]
[Black "De Silva, L M S T"]
[WhiteFideId "4239563"]
[BlackFideId "9953698"]
[WhiteElo "2423"]
[BlackElo "2452"]
[Result "0-1"]
[Round "03"]
[TimeControl "180+2"]
[Date "2023.01.31"]
[WhiteClock "0:00:24"]
[BlackClock "0:01:07"]

1. e4 c6 2. d4 d5 3. e5 Bf5 4. Nf3 e6 5. Nbd2 h6 6. Nb3 Nd7 7. Be2 Ne7 8. O-O Bh7 9. a4 a5 10. Bd2 g5 11. h3 Bg7 12. Rc1 Ng6 13. c4 O-O 14. cxd5 cxd5 15. Bb5 Nf4 16. Bxa5 b6 17. Bb4 Re8 18. Rc6 Be4 19. Nbd2 Bd3 20. Re1 Bxb5 21. axb5 Nd3 22. Bd6 Nxe1 23. Nxe1 Rc8 24. Qa4 Nb8 25. Rc3 Rxc3 26. bxc3 Bf8 27. Bxf8 Rxf8 28. Nd3 Qc7 29. Qa3 Rc8 30. Nb1 Qc4 31. Nb4 Qxb5 32. h4 Nc6 33. hxg5 Nxb4 34. cxb4 Qe2 35. gxh6 Qd1+ 36. Kh2 Qxb1 0-1


[Site "https://www.chess.com"]

[Event "Titled Tuesday Blitz January 31 Early 2023"]
[White "Cherniaiev, Tykhon"]
[Black "Astafurov, Arseniy"]
[WhiteFideId "14182360"]
[BlackFideId "24175218"]
[WhiteElo "2330"]
[BlackElo "2263"]
[Result "1/2-1/2"]
[Round "03"]
[TimeControl "180+2"]
[Date "2023.01.31"]
[WhiteClock "0:00:07"]
[BlackClock "0:00:09"]

1. Nf3 d5 2. d4 Nf6 3. c4 c6 4. e3 a6 5. Nbd2 Bg4 6. Bd3 e6 7. O-O Nbd7 8. b3 Bd6 9. Bb2 Qe7 10. h3 Bh5 11. e4 dxe4 12. Nxe4 Nxe4 13. Bxe4 O-O 14. Re1 Ba3 15. Bxa3 Qxa3 16. Qd2 Nf6 17. Qf4 Nxe4 18. Qxe4 Rad8 19. Ne5 Qb2 20. Qh4 Bg6 21. Nxg6 hxg6 22. Red1 Rd7 23. Rab1 Qxa2 24. Qe4 Rfd8 25. Qh4 Qc2 26. Kf1 Qc3 27. d5 cxd5 28. cxd5 exd5 29. Rd4 Qc2 30. Rbd1 Qxb3 31. Kg1 Qb5 32. Qg5 a5 33. h4 Qc6 34. h5 Qf6 35. Qg4 Qf5 36. Qg3 gxh5 37. Rf4 Qe5 38. Qf3 d4 39. Rf5 Qe6 40. Rxh5 g6 41. Rxa5 d3 42. Qf4 d2 43. Raa1 Kg7 44. Qg3 Qf6 45. Qe3 b5 46. Rab1 Rd5 47. Qe2 Qc3 48. Rxb5 Rxb5 49. Qxb5 Qc1 50. Qe2 Qc3 51. g3 Rd6 52. Qe4 Qf6 53. Qc2 Qd8 54. Kg2 Kg8 55. Qb2 Rd3 56. Qc2 Qd5+ 57. Kg1 Qd4 58. Kg2 Kg7 59. Qa2 Qd6 60. Qc2 Qd5+ 61. Kg1 Qd4 62. Kg2 Qd6 63. Kg1 Qd7 64. Kg2 g5 65. Kg1 Qd5 66. Qb2+ Kg8 67. Qb8+ Kg7 68. Qb2+ f6 69. Qc2 Qd4 70. Qc7+ Kg6 71. Qb8 Kg7 72. Qc7+ Kg6 73. Qb8 Qd5 74. Qe8+ Kg7 75. Qe7+ Kg6 76. Qe8+ Kg7 77. Qe7+ Qf7 78. Qe2 Qd7 79. Qe4 Rd4 80. Qe2 Qd6 81. Qe3 Rd3 82. Qe2 Kg6 83. Qe4+ Kg7 84. Qe2 Qd4 85. Qe7+ Kg6 86. Qe8+ Kg7 87. Qe7+ Kg6 88. Qe8+ Kg7 89. Qe7+ 1/2-1/2


[Site "https://www.chess.com"]

[Event "Titled Tuesday Blitz January 31 Early 2023"]
[White "Gressmann, Moritz"]
[Black "Averjanov, Alexey"]
[WhiteFideId "24695084"]
[BlackFideId "14109867"]
[WhiteElo "2129"]
[BlackElo "2399"]
[Result "1/2-1/2"]
[Round "03"]
[TimeControl "180+2"]
[Date "2023.01.31"]
[WhiteClock "0:00:14"]
[BlackClock "0:00:09"]

1. e4 c6 2. d4 d5 3. exd5 cxd5 4. Bd3 Nc6 5. c3 Nf6 6. Nf3 Bg4 7. h3 Bh5 8. O-O e6 9. Nbd2 Be7 10. Qb3 Qc7 11. Re1 O-O 12. Ne5 Nxe5 13. dxe5 Nd7 14. Qc2 Nxe5 15. Bxh7+ Kh8 16. Bd3 Nxd3 17. Qxd3 Bg6 18. Qf3 Bc5 19. Nf1 Kg8 20. Be3 b5 21. Bxc5 Qxc5 22. Ne3 b4 23. Rac1 bxc3 24. bxc3 Rfc8 25. Ng4 Bf5 26. Ne5 Rc7 27. g4 Be4 28. Qf4 Rac8 29. c4 Qe7 30. cxd5 Bxd5 31. Rxc7 Rxc7 32. a4 Qa3 33. Kh2 f6 34. Ng6 e5 35. Qf5 Rc3 36. Re3 Rxe3 37. fxe3 Qc5 38. h4 a5 39. h5 Bf7 40. Qd7 Bxg6 41. hxg6 Qc2+ 42. Kg3 Qxg6 43. Qd8+ Kh7 44. Qxa5 Qe4 45. Qa7 f5 46. gxf5 Qxf5 47. a5 Qg5+ 48. Kf3 Qf5+ 49. Ke2 Qc2+ 50. Kf3 Qf5+ 51. Ke2 Qc2+ 52. Kf3 Qf5+ 1/2-1/2


[Site "https://www.chess.com"]

[Event "Titled Tuesday Blitz January 31 Early 2023"]
[White "Ashraf, Artin"]
[Black "Mrudul Dehankar"]
[WhiteFideId "22514805"]
[BlackFideId "25096990"]
[WhiteElo "2314"]
[BlackElo "2030"]
[Result "1-0"]
[Round "03"]
[TimeControl "180+2"]
[Date "2023.01.31"]
[WhiteClock "0:01:19"]
[BlackClock "0:00:01"]

1. e4 c6 2. Nc3 d5 3. Qe2 d4 4. Nd1 c5 5. d3 Nc6 6. g3 e5 7. f4 Bd6 8. Nf3 Nf6 9. Bg2 h5 10. O-O h4 11. Nxh4 exf4 12. e5 Nxe5 13. gxf4 Rxh4 14. fxe5 Bc7 15. Bg5 Rxh2 16. Kxh2 Ng4+ 17. Qxg4 Bxg4 18. Bxd8 Bxe5+ 19. Kg1 1-0


[Site "https://www.chess.com"]

[Event "Titled Tuesday Blitz January 31 Early 2023"]
[White "Malek, Jan"]
[Black "Manon-og, Ramon Jr."]
[WhiteFideId "21864080"]
[BlackFideId "5200776"]
[WhiteElo "2370"]
[BlackElo "1999"]
[Result "1-0"]
[Round "03"]
[TimeControl "180+2"]
[Date "2023.01.31"]
[WhiteClock "0:00:03"]
[BlackClock "0:00:01"]

1. c4 Nf6 2. g3 g6 3. Bg2 c6 4. Nf3 Bg7 5. O-O d5 6. d3 O-O 7. Qb3 d4 8. e3 dxe3 9. Bxe3 Nbd7 10. Nc3 e5 11. Rad1 Re8 12. Rfe1 Qe7 13. d4 exd4 14. Nxd4 Nc5 15. Qa3 Nce4 16. Nxe4 Nxe4 17. Qxe7 Rxe7 18. Nxc6 bxc6 19. Rd8+ Bf8 20. Bh6 Bb7 21. Bxf8 Re6 22. Rxa8 Bxa8 23. Rxe4 Rxe4 24. Bxe4 Kxf8 25. f4 Ke7 26. Kf2 Kd6 27. b4 Bb7 28. Ke3 Bc8 29. Kd4 Be6 30. a4 a6 31. c5+ Kc7 32. Ke5 Bb3 33. a5 Bc4 34. Kf6 Bd5 35. Bd3 Kb7 36. Ke7 Bb3 37. g4 h6 38. Be4 Kc7 39. Bd3 Kb7 40. Kd6 Bd5 41. h4 Bf3 42. f5 Bxg4 43. f6 Bf3 44. Bc4 Bd5 45. Bxd5 1-0


[Site "https://www.chess.com"]

[Event "Titled Tuesday Blitz January 31 Early 2023"]
[White "Martinez Alcantara, Jose Eduardo"]
[Black "Slade, Theodore"]
[WhiteFideId "3805662"]
[BlackFideId "426547"]
[WhiteElo "2619"]
[BlackElo "1995"]
[Result "1-0"]
[Round "03"]
[TimeControl "180+2"]
[Date "2023.01.31"]
[WhiteClock "0:00:05"]
[BlackClock "0:00:08"]

1. e4 e5 2. Nf3 Nc6 3. Bb5 Nf6 4. d3 Bc5 5. c3 O-O 6. Nbd2 d6 7. O-O Ne7 8. d4 exd4 9. cxd4 Bb6 10. h3 d5 11. e5 Ne4 12. Bd3 Bf5 13. Qc2 Nxd2 14. Bxd2 Qd7 15. Rac1 f6 16. exf6 Rxf6 17. Rfe1 Bxd3 18. Qxd3 Ng6 19. Ne5 Nxe5 20. Rxe5 Raf8 21. f3 Re8 22. Be3 Rfe6 23. f4 c6 24. Re1 Bc7 25. Rxe6 Rxe6 26. g3 Qe7 27. Kf2 Re4 28. Bd2 Qe6 29. h4 Rxe1 30. Bxe1 Qh3 31. Qe2 Qh2+ 32. Kf3 Qh1+ 33. Kg4 Kf7 34. h5 g6 35. Kg5 Bd8+ 36. Kh6 Bf6 37. Bf2 Bg7+ 38. Kxh7 gxh5 39. f5 Qe4 40. Qxh5+ Kf8 41. g4 Bxd4 42. Bxd4 Qxd4 43. Qh6+ Ke8 44. g5 Qe4 45. Qg6+ Kf8 46. Qg8+ Ke7 47. Qg7+ Ke8 48. Qf6 Qh4+ 49. Kg7 c5 50. Qe6+ Kd8 51. Qxd5+ Ke8 52. Qe5+ Kd8 53. f6 c4 54. f7 Qf2 55. f8=Q+ Qxf8+ 56. Kxf8 1-0


[Site "https://www.chess.com"]